 Dungeon Crawl Stone Soup version 0.28-a0-1613-gdaab1c2f9b (webtiles) character file.

Game seed: 6683590325421169589

977 hashsling the Nimble (level 8, -3/61 HPs)
             Began as a Merfolk Gladiator on Jan 21, 2022.
             Slain by a gnoll sergeant (6 damage)
             ... on level 4 of the Dungeon.
             The game lasted 00:15:11 (5091 turns).

hashsling the Nimble (Merfolk Gladiator)            Turns: 5091, Time: 00:15:14

Health: -3/61      AC:  7    Str: 12    XL:     8   Next: 17%
Magic:  0/8        EV: 16    Int: 12    God:
Gold:   245        SH:  0    Dex: 25    Spells: 7/7 levels left

rFire   . . .      SeeInvis +   o - +7 falchion of Ikodueh {venom, Str-3 Int+5 Dex+8 SInv}
rCold   . . .      Faith    .   (no shield)
rNeg    . . .      Spirit   +   e - +0 ring mail
rPois   .          Reflect  .   c - +0 helmet
rElec   .          Harm     .   (no cloak)
rCorr   .          Rampage  .   (no gloves)
Will    .....                   l - +0 pair of boots
Stlth   +.........              k - amulet of guardian spirit
HPRegen 0.20/turn               (no ring)
MPRegen 0.11/turn               (no ring)

@: lethally poisoned (-3 -> -6)
A: (nimble swimmer 2), mertail
a: no special abilities


You were on level 4 of the Dungeon.
You visited 1 branch of the dungeon, and saw 5 of its levels.

You collected 245 gold pieces.

Inventory:

Hand Weapons
 a - a +0 trident
 o - the +7 falchion of Ikodueh (weapon) {venom, Str-3 Int+5 Dex+8 SInv}
   (You found it on level 3 of the Dungeon)

   It poisons the flesh of those it strikes.
   Str:       It affects your strength (-3).
   Int:       It affects your intelligence (+5).
   Dex:       It affects your dexterity (+8).
   SInv:      It lets you see invisible.
Missiles
 d - a throwing net (quivered)
 m - 2 curare-tipped darts
Armour
 c - a +0 helmet (worn)
 e - a +0 ring mail (worn)
 l - a +0 pair of boots (worn)
Jewellery
 k - an amulet of guardian spirit (around neck)
Scrolls
 h - 5 scrolls of magic mapping
 i - a scroll of enchant weapon {unknown}
 p - a scroll of enchant armour {unknown}
 q - a scroll of vulnerability {unknown}
 r - a scroll of amnesia {unknown}
 s - a scroll of holy word {unknown}
Potions
 j - 4 potions of attraction
 n - a potion of resistance


   Skills:
 + Level 4.7 Fighting
 * Level 4.9 Long Blades
 - Level 6.0 Polearms
 - Level 2.0 Throwing
 + Level 1.7 Armour
 * Level 8.2 Dodging


You had 7 spell levels left.
You didn't know any spells.
Your spell library was empty.

Dungeon Overview and Level Annotations

Branches:
Dungeon (5/15)
 Temple: D:4-7

Altars:

Shops:
D:1 [   D:3 [

Annotations:
D:4 1 transporter, a3don's ghost, amateur DECj


Innate Abilities, Weirdness & Mutations

((You are very nimble when in or above water. (Stealth+, EV+, Speed+++)))
Your lower body shifts to a powerful aquatic tail in water.


Message History

* * * LOW HITPOINT WARNING * * *
* * * LOW HITPOINT WARNING * * *
You feel very sick.
A3don's ghost hits you but does no damage.
The gnoll sergeant hits you with a +1 trident of venom.
* * * LOW HITPOINT WARNING * * *
* * * LOW HITPOINT WARNING * * *
You feel very sick.
A3don's ghost points at you and mumbles some strange words.
The magic dart hits you but does no damage.
The gnoll sergeant barely misses you.
* * * LOW HITPOINT WARNING * * *
You feel sick.
A3don's ghost gestures at you while chanting.
The magic dart hits you but does no damage.
The gnoll sergeant hits you with a +1 trident of venom.
* * * LOW HITPOINT WARNING * * *
You feel less invigorated.
You feel less confused.
You feel sick.
A3don's ghost hits you but does no damage.
The gnoll sergeant hits you but does no damage.
It was a potion of cancellation.
Your magical effects are unravelling.
You feel magically purged.
You feel less wooden.
Your +0 helmet unmelds from your body.
Your +0 pair of boots unmelds from your body.
Your +0 ring mail unmelds from your body.
* * * LOW HITPOINT WARNING * * *
You feel sick. A3don's ghost closely misses you.
The gnoll sergeant closely misses you.
You slash the gnoll sergeant!
The gnoll sergeant is poisoned.
The gnoll sergeant is severely wounded.
* * * LOW HITPOINT WARNING * * *
You feel sick.
A3don's ghost gestures at you while chanting.
The magic dart hits you but does no damage.
The gnoll sergeant hits you with a +1 trident of venom!
You die...

##..###########...######.####.#
........#.............##.#.##.#
........(......©.......#.#....#
...........#########...#.#.####
..........##8...).8##....#.#
....).....#.........#..###.#
..........#.........#..###.#
..........#.....g...#......#
..........#....©@...#..#####
########..#....W....#..#
#..#.....)...#..#
#..#©........#.)#
#..##8.$)$.8##..#
#...#########...# ###
#.......©.......######.#
##.............).......#
#######.####..#######.#


You could see a gnoll sergeant (very poisoned) and a3don's ghost.

Vanquished Creatures
  A black bear (D:4)
  2 ice beasts (D:4)
  A necrophage (D:5)
  A hornet zombie (D:5)
  A scorpion (D:5)
  A hound (D:4)
  A centaur skeleton (D:4)
  Jessica (D:2)
  2 iguanas (D:4)
  3 orc wizards (D:4)
  9 gnolls (D:3)
  3 adders
  An adder skeleton (D:4)
  A worm (D:3)
  A dart slug (D:4)
  6 orcs
  3 bats
  7 endoplasms
  A giant cockroach (D:3)
  32 goblins
  35 hobgoblins
  6 jackals
  3 quokkas
  2 ball pythons (D:1)
  A frilled lizard (D:1)
  11 kobolds
  5 rats (D:1)
141 creatures vanquished.

Notes
Turn   | Place    | Note
-------+----------+-------------------------------------------
     0 | D:1      | hashsling the Merfolk Gladiator began the quest for the
                  | Orb.
     0 | D:1      | Reached XP level 1. HP: 16/16 MP: 1/1
    53 | D:1      | Found a faded altar of an unknown god.
   249 | D:1      | Found Inunosk's Armour Shoppe.
   252 | D:1      | Reached XP level 2. HP: 23/23 MP: 2/2
   776 | D:1      | Reached skill level 5 in Polearms
  1191 | D:2      | Noticed Jessica
  1199 | D:2      | Killed Jessica
  1200 | D:2      | Reached XP level 3. HP: 28/28 MP: 3/3
  1455 | D:2      | Reached skill level 5 in Dodging
  1475 | D:2      | Reached XP level 4. HP: 30/34 MP: 4/4
  1907 | D:3      | Found Yfaef's Armour Emporium.
  1924 | D:3      | Identified the +7 falchion of Ikodueh {venom, Str-3 Int+5
                  | Dex+8 SInv}
  2872 | D:3      | Reached XP level 5. HP: 26/41 MP: 3/5
  2882 | D:3      | Reached skill level 1 in Long Blades
  3318 | D:3      | Reached skill level 6 in Dodging
  3473 | D:3      | Reached XP level 6. HP: 20/47 MP: 4/6
  3890 | D:4      | Found a transporter.
  3892 | D:4      | Noticed a3don's ghost (amateur DECj)
  3985 | D:4      | Noticed a black bear
  3995 | D:4      | Killed a black bear
  3996 | D:4      | Reached skill level 7 in Dodging
  3996 | D:4      | Reached XP level 7. HP: 47/54 MP: 5/7
  4059 | D:4      | Found a transporter.
  4171 | D:4      | Reached skill level 1 in Armour
  4715 | D:5      | Entered Level 5 of the Dungeon
  4747 | D:5      | Reached skill level 8 in Dodging
  4747 | D:5      | Reached XP level 8. HP: 44/61 MP: 3/8
  5086 | D:4      | HP: 4/91 [gnoll sergeant (1)]
  5091 | D:4      | HP: 3/61 [poisoned by a gnoll sergeant]
  5091 | D:4      | Slain by a gnoll sergeant

Illustrated notes

Levels and vault maps discovered:
D:1:      dpeg_arrival_windows_large_door, layout_basic, serial_shops,
          nicolae_shop_hallway_stairs, ebering_ecumenical_altar_hall,
          minmay_tromino_i4
D:2:      layout_loops_ring, uniq_jessica
D:3:      minmay_goblin_kobold_castle, layout_basic, serial_shops, shop,
          st_stairs_4, minmay_ruptured
D:4:      layout_basic, gammafunk_ghost_arena
D:5:      layout_cave_pools, mainiacjoe_overflow_catch_the_wave

Skill      XL: |  1  2  3  4  5  6  7 |
---------------+----------------------+-----
Polearms       | 5 6 |  6.0
Dodging        | 5 6 7 8 |  8.2
Fighting       | 3 4 |  4.7
Long Blades    | 2 3 4 |  4.9
Armour         | 1 |  1.7
Throwing       | |  2.0

Action                   |  1- 3 |  4- 6 |  7- 9 || total
-------------------------+-------+-------+-------++-------
Melee: Trident           |   107 |    40 |       ||   147
       Falchion          |       |   154 |    86 ||   240
       Punch             |       |     1 |       ||     1
Throw: Throwing net      |     2 |     2 |     1 ||     5
  Use: Scroll            |       |       |     6 ||     6
       Potion            |       |       |     5 ||     5
 Stab: Held in net/web   |       |     2 |       ||     2
       Sleeping          |       |       |     1 ||     1
Armor: Ring mail         |    37 |    85 |    28 ||   150
       Skin              |       |       |    12 ||    12
Dodge: Dodged            |    57 |   186 |    90 ||   333

Table legend: (Time is in decaauts)
 A = Elapsed time spent in this place.
 B = Non-inter-level travel time spent in this place.
 C = Inter-level travel time spent in this place.
 D = Time resting spent in this place.
 E = Time spent auto-exploring this place.
 F = Levels seen in this place.
 G = Mean time per level.
                   A        B        C        D        E       F      G
               +--------+--------+--------+--------+--------+-----+--------+
         Total |   5079 |   4934 |    145 |    249 |   3720 |   5 | 1015.8 |
       Dungeon |   5079 |   4934 |    145 |    249 |   3720 |   5 | 1015.8 |
               +--------+--------+--------+--------+--------+-----+--------+

Top non-repeatable levels by time:
     D:3: 2021 daAuts
     D:1: 1015 daAuts
     D:4: 963 daAuts
     D:2: 769 daAuts
     D:5: 309 daAuts
